cohdb
Replays
Latest Replays
All Replays
Popular Replays
Top Player Replays
Match Explorer
How It Works
Community
CoH3 Stats
Reddit
Sign in to upload your games and track your stats! →
Sign in with Steam
Match 44244714
Unlisted
Match 44244714
Overview
Messages
Build Orders
End
Construct Barracks
Selects Armored Battlegroup
Selects Veteran Crews
M1 Mortar Team
1⁄4-ton 4x4 Truck
1⁄4-ton 4x4 Truck
Riflemen Squad
Grenade Package
Riflemen Squad
Riflemen Squad
Selects Strength in Steel
Mechanized Support Center
Riflemen Squad
Construct Tank Depot
Riflemen Squad
Selects Seek and Destroy
Selects Seek and Destroy
Improvised Armor
Selects UNKNOWN (2160077)
Riflemen Squad
M4A3E8 Sherman Easy Eight
gxxg TR
CommandantKitty
ComradeIgor
DarxSokul
BaronVonKieselberg
bigcheese
DooWop
GASK3T
0
0
Comments
sign in to comment!
No comments posted yet!